Map: Heavy Artillery LE

Players

qqq - Winner!

  • Race: Protoss Protoss
  • League: Platinum
  • Spawn Location: 3:00

Massa - Winner!

  • Race: Terran Terran
  • League: Platinum
  • Spawn Location: 1:00

Enki

  • Race: Zerg Zerg
  • League: Diamond
  • Spawn Location: 7:00

Neiflheim

  • Race: Zerg Zerg
  • Spawn Location: 7:00

VOD

Have the link to the VOD?

Description

Time

  • Played on: Dec. 13, 2020, 9:06 a.m.
  • Length: 9:41
Show
View Real Time Build Order
Export as new Build Order

qqq Protoss - Winner!

Build Orders:  

Get SALT Encoding   

  12  0:00  Probe  
  13  0:16  Pylon  
  13  0:21  Probe  
  14  0:33  Probe  
  15  0:54  Forge  
  15  1:11  Pylon  
  15  1:16  Probe  
  16  1:31  Pylon  
  16  1:35  Pylon  
  16  1:39  Photon Cannon  
  16  1:50  Photon Cannon  
  15  2:21  Probe  
  16  2:33  Nexus  
  16  2:34  Probe  
  17  2:37  Assimilator  
  17  2:38  Gateway  
  17  2:39  Assimilator  
  17  2:46  Probe  
  17  2:50  Pylon  
  18  2:59  Probe  
  19  3:10  Photon Cannon  
  19  3:11  Probe  
  20  3:23  Probe  
  21  3:27  Photon Cannon  
  21  3:31  Pylon  
  21  3:36  Probe (Chrono Boost)  
  22  3:46  Probe (Chrono Boost)  
  22  3:47  Pylon  
  23  3:51  Probe (Chrono Boost)  
  24  4:02  Probe  
  25  4:07  Photon Cannon  
  25  4:22  Probe x2 (Chrono Boost)  
  27  4:30  Pylon  
  28  4:33  Probe x2 (Chrono Boost)  
  28  4:37  Probe (Chrono Boost)  
  29  4:43  Probe, Cybernetics Core  
  31  4:47  Pylon  
  31  4:48  Probe  
  31  4:49  Assimilator  
  31  4:51  Assimilator  
  32  4:53  Pylon  
  32  4:55  Probe  
  33  5:00  Probe  
  34  5:08  Probe  
  34  5:12  Probe  
  36  5:20  Probe  
  36  5:21  Nexus  
  37  5:24  Probe  
  38  5:29  Stargate  
  38  5:32  Probe  
  39  5:38  Stargate  
  39  5:47  Probe  
  39  5:48  Probe  
  41  5:59  Probe  
  41  6:00  Probe  
  43  6:11  Probe  
  43  6:12  Probe  
  43  6:18  Pylon, Fleet Beacon  
  44  6:22  Phoenix  
  44  6:24  Probe x2  
  48  6:27  Protoss Air Weapons Level 1  
  48  6:34  Probe  
  48  6:36  Probe x2  
  48  6:39  Phoenix  
  53  6:41  Void Ray  
  53  6:46  Probe  
  58  6:48  Probe x2  
  60  7:04  Phoenix, Pylon  
  60  7:07  Stargate  
  62  7:23  Probe  
  62  7:24  Probe x2, Carrier  
  62  7:28  Assimilator  
  62  7:29  Carrier  
  77  7:32  Assimilator  
  77  7:36  Probe x2  
  79  8:08  Carrier  
  85  9:01  Nexus  
  85  9:03  Pylon  
  85  9:07  Pylon  
  85  9:09  Pylon  
  85  9:10  Probe  
  85  9:21  Probe x2  
  103  9:39  Nexus  
Show
View Real Time Build Order
Export as new Build Order

Massa Terran - Winner!

Build Orders: 1/1/1 

Get SALT Encoding   

  12  0:00  SCV  
  13  0:12  SCV  
  14  0:23  Supply Depot  
  14  0:24  SCV  
  15  0:32  Refinery  
  15  0:45  SCV  
  15  0:46  Barracks  
  17  0:57  SCV  
  17  0:58  Refinery  
  17  1:09  SCV  
  18  1:21  SCV  
  19  1:34  Supply Depot  
  19  1:38  Factory  
  19  1:41  Orbital Command  
  19  1:46  Marine  
  20  2:10  SCV  
  21  2:24  Starport  
  21  2:30  SCV  
  22  2:40  Widow Mine  
  22  2:41  Marine, Command Center  
  25  2:44  SCV  
  26  2:59  Marine  
  26  3:03  Fusion Core  
  26  3:04  Starport Tech Lab  
  27  3:06  SCV  
  28  3:18  SCV  
  30  3:34  SCV  
  30  3:39  Armory  
  30  3:46  SCV, Supply Depot  
  30  3:47  Supply Depot  
  31  4:00  Battlecruiser  
  37  4:06  Refinery  
  37  4:07  Orbital Command  
  37  4:08  SCV  
  38  4:20  SCV  
  39  4:28  Weapon Refit  
  39  4:32  SCV  
  40  4:40  Supply Depot  
  40  4:42  Engineering Bay  
  40  4:45  SCV  
  41  4:53  SCV  
  41  4:57  SCV  
  43  5:00  Widow Mine  
  43  5:01  Marine  
  43  5:05  SCV  
  47  5:07  Starport  
  47  5:18  Marine  
  48  5:35  SCV x2  
  50  5:47  SCV x2  
  52  5:53  Battlecruiser  
  58  5:59  SCV  
  58  6:00  SCV  
  61  6:11  SCV  
  61  6:12  SCV  
  62  6:23  SCV  
  63  6:29  Starport Reactor  
  63  6:34  Terran Ship Weapons Level 1  
  63  6:40  Refinery  
  63  6:42  Command Center  
  63  6:43  Factory Tech Lab  
  63  6:44  Barracks Tech Lab, Supply Depot  
  63  6:55  Barracks  
  63  6:56  Barracks  
  63  6:58  Barracks  
  63  6:59  Barracks  
  63  7:02  Barracks  
  63  7:08  Medivac x3  
  65  7:09  Supply Depot  
  65  7:11  Siege Tank  
  72  7:32  Supply Depot  
  72  7:56  Supply Depot  
  72  8:06  SCV  
  72  8:07  SCV  
  74  8:19  SCV x2  
  76  8:31  SCV x2  
  78  8:43  SCV x2  
  78  8:45  Barracks Tech Lab x2  
  78  8:46  Barracks Reactor x2, Barracks Tech Lab  
  86  8:49  Marauder  
  86  8:55  SCV x2  
  90  8:59  Missile Turret  
  90  9:00  Missile Turret  
  90  9:05  Missile Turret  
  90  9:07  SCV x2  
  90  9:09  Missile Turret  
  92  9:10  Marauder  
  92  9:11  Missile Turret  
  92  9:13  Missile Turret  
  94  9:19  SCV x2  
  94  9:20  Missile Turret  
  94  9:24  Missile Turret  
  94  9:26  Missile Turret  
  94  9:27  Missile Turret  
Show
View Real Time Build Order
Export as new Build Order

Enki Zerg 

Build Orders: Hatch First 

Get SALT Encoding   

  12  0:02  Drone  
  13  0:13  Overlord  
  13  0:24  Drone  
  14  0:32  Drone x2  
  16  0:57  Drone x2, Hatchery  
  16  1:00  Drone  
  18  1:14  Extractor  
  18  1:17  Spawning Pool  
  17  1:25  Drone x2  
  18  1:50  Drone  
  18  1:51  Drone  
  18  1:52  Hatchery  
  18  1:54  Drone  
  21  2:28  Overlord  
  21  2:29  Overlord  
  21  2:33  Extractor, Lair  
  20  2:42  Drone x2  
  22  2:55  Overlord  
  22  3:07  Queen  
  24  3:27  Roach Warren  
  24  3:33  Drone  
  24  3:35  Drone x4  
  24  3:36  Drone  
  29  3:54  Drone  
  29  3:55  Drone  
  31  4:15  Drone x4  
  31  4:17  Queen  
  35  4:23  Drone x2  
  39  4:32  Hatchery  
  38  4:39  Glial Reconstitution  
  38  4:41  Drone  
  38  4:42  Drone x3  
  38  4:45  Extractor x2  
  40  5:03  Queen  
  40  5:05  Drone  
  40  5:06  Drone x2  
  45  5:07  Drone  
  45  5:10  Queen  
  48  5:25  Spore Crawler  
  47  5:38  Queen  
  47  5:42  Drone x2  
  51  5:43  Overlord x2  
  51  5:56  Roach  
  57  5:57  Roach x2  
  52  6:20  Queen x2  
  52  6:23  Roach  
  52  6:24  Roach x8  
  72  6:44  Overlord x2  
  72  6:52  Overlord x2  
  72  6:55  Nydus Network  
  72  6:56  Queen  
  73  7:03  Roach x2  
  77  7:12  Roach x2  
  81  7:28  Drone x8  
  81  7:29  Drone x2, Overlord  
  91  7:30  Overlord x2  
  91  7:41  Queen  
  86  8:10  Spore Crawler  
  81  8:22  Roach x9  
  93  8:29  Overlord x2  
  93  8:30  Overlord  
  91  8:40  Overlord x2  
  88  8:46  Queen x2  
  92  8:51  Hydralisk Den  
  92  8:53  Evolution Chamber  
  92  8:54  Evolution Chamber  
  89  9:00  Hatchery  
  90  9:03  Roach x5  
  102  9:24  Spore Crawler  
  102  9:29  Hatchery  
Show
View Real Time Build Order
Export as new Build Order

Neiflheim Zerg 

Build Orders: Hatch First 

Get SALT Encoding   

  12  0:01  Drone  
  13  0:15  Overlord  
  13  0:18  Drone  
  14  0:34  Drone x2  
  16  0:38  Drone  
  17  0:54  Hatchery  
  16  0:58  Drone  
  16  0:59  Drone  
  18  1:14  Extractor  
  18  1:16  Spawning Pool  
  16  1:28  Drone x2  
  18  2:03  Zergling x6  
  21  2:15  Queen  
  23  2:28  Drone x5  
  28  2:37  Metabolic Boost  
  28  2:59  Overlord  
  27  3:13  Spine Crawler  
  27  3:17  Queen x2, Overlord  
  27  3:18  Overlord  
  30  3:29  Spine Crawler  
  30  3:30  Drone x4  
  30  3:33  Drone  
  34  4:12  Drone x6  
  40  4:20  Baneling Nest  
  39  4:41  Zergling x10  
  44  4:53  Drone x6  
  44  4:57  Lair  
  44  4:59  Extractor  
  49  5:11  Extractor  
  49  5:12  Extractor  
  47  5:16  Spore Crawler  
  47  5:18  Spore Crawler  
  43  5:26  Hatchery  
  29  5:58  Drone x15  
  43  6:11  Drone x4  
  46  6:18  Spire  
  45  6:19  Queen  
  45  6:20  Queen  
  49  6:32  Spore Crawler  
  48  6:34  Spore Crawler  
  48  6:35  Drone x3  
  50  6:48  Drone  
  50  6:49  Drone x2  
  53  7:01  Drone  
  51  7:34  Mutalisk  
  51  7:35  Mutalisk x2  
  57  7:37  Overlord  
  57  7:38  Overlord x3  
  57  7:46  Zerg Flyer Weapons Level 1  
  57  7:55  Queen, Overlord x3  
  57  7:56  Overlord  
  57  7:58  Mutalisk x5  
  69  8:09  Mutalisk x2  
  72  8:20  Drone x8  
  78  8:45  Mutalisk  
  78  8:46  Mutalisk x3  
  86  8:49  Drone x5  
  86  8:50  Drone x2  
  86  8:52  Extractor, Queen  
  86  8:53  Extractor  
  93  9:04  Mutalisk  
  93  9:05  Mutalisk  
  93  9:06  Overlord  
  93  9:07  Overlord x3  
Tags
 
Add a new tag
Caveats
  • Supply blocks, unpowered buildings, or Contaminate may cause inaccurate times.
  • Supply counts are checked every 10 seconds.